 Dungeon Sprint DCSS version 0.26-a0-1184-g95e395e029 (webtiles) character file.

Game seed: 8718742540913906664

7 rocky1 the Gusty (level 2, -3/15 HPs)
             Began as a Tengu Air Elementalist on Dec 28, 2020.
             Slain by an ogre
             ... wielding a +0 giant spiked club
              (18 damage)
             ... in the Dungeon (Sprint IX: "|||||||||||||||||||||||||||||").
             The game lasted 00:00:27 (33 turns).

rocky1 the Gusty (Tengu Air Elementalist)             Turns: 33, Time: 00:00:28

Health: -3/15      AC:  2    Str:  8    XL:     2   Next: 4%
Magic:  0/6        EV: 12    Int: 15    God:
Gold:   0          SH:  0    Dex: 14    Spells: 4/5 levels left

rFire    . . .     SeeInvis .   b - +0 whip
rCold    . . .     Faith    .   (no shield)
rNeg     . . .     Spirit   .   a - +0 robe
rPois    .         Reflect  .   (helmet restricted)
rElec    .         Harm     .   (no cloak)
rCorr    .         Rampage  .   (no gloves)
Will     .....     NoTele   +   (boots unavailable)
Stlth    ++........             (no amulet)
HPRegen  0.05/turn              (no ring)
MPRegen  0.10/turn              (no ring)

@: very slightly contaminated
A: beak, talons 3
a: no special abilities


You were in the Dungeon.
You visited 1 branch

Inventory:

Hand Weapons
 b - a +0 whip (weapon)
Armour
 a - a +0 robe (worn)
Scrolls
 h - a scroll of blinking
Potions
 c - a potion of curing
 d - a potion of heal wounds
 e - a potion of haste
 f - 2 potions of magic
 g - a potion of berserk rage


   Skills:
 - Level 2.1 Dodging
 - Level 2.0 Stealth
 - Level 2.0 Spellcasting
 + Level 3.7 Conjurations
 + Level 5.4 Air Magic


You had 4 spell levels left.
You knew the following spells:

 Your Spells              Type           Power        Failure   Level
a - Shock                 Conj/Air       60%          3%          1

Your spell library contained the following spells:

 Spells                   Type           Power        Failure   Level
 Swiftness                Air            17%          3%          2
 Static Discharge         Conj/Air       15%          10%         3
 Airstrike                Air            8%           24%         4
 Lightning Bolt           Conj/Air       7%           67%         5


Dungeon Overview and Level Annotations

Branches:
Dungeon (1/1)

Altars:


Innate Abilities, Weirdness & Mutations

You have a beak for a mouth.
You have claws for feet.


Message History

The ogre is moderately wounded.
The zap hits the ufetubus.
The ufetubus is severely wounded.
You have reached level 2!
Casting: Shock (safe; 3% risk of failure)
Confirm with . or Enter, or press ? or * to list all spells.
Aiming: Shock (safe; 3% risk of failure)
Press: ? - help, Shift-Dir - straight line, f/p - ogre
Aim: an ogre, wielding a +0 giant spiked club (moderately wounded, 14% to evade)
The zap hits the ogre.
The ogre is heavily wounded.
The zap hits the ogre.
The ogre is moderately wounded.
The zap hits the ogre.
The ogre is heavily wounded.
The zap hits the ufetubus.
You kill the ufetubus!
The ogre hits you with a +0 giant spiked club!!
Ouch! That really hurt!
You die... ▓▓▓▓▓▓▓▓▓▓▓▓▓▓▓▓▓▓ ▓<...')...@OO.O..+ ▓▓▓▓▓▓▓▓▓▓▓▓▓▓▓▓▓▓

You could see 3 ogres.

Vanquished Creatures
  An ufetubus (D)
  A bat (D)
  A goblin (D)
  A hobgoblin (D)
  A jackal (D)
  A kobold (D)
  A rat (D)
7 creatures vanquished.

Notes
Turn   | Place    | Note
-------+----------+-------------------------------------------
     0 | D        | rocky1 the Tengu Air Elementalist began the quest for the
                  | Orb.
     0 | D        | Reached XP level 1. HP: 10/10 MP: 4/4
     6 | D        | Reached skill level 5 in Air Magic
    29 | D        | Noticed an ogre
    29 | D        | Noticed an ogre
    29 | D        | Noticed an ogre
    33 | D        | Reached XP level 2. HP: 15/15 MP: 1/6
    33 | D        | Slain by an ogre

Illustrated notes

Levels and vault maps discovered:
D:        linesprint [early_d, line_temple, items_1, d_10, items_2, lair_1,
          lair_end, items_3, orc_1, orc_end, items_4, d_15, swamp_1, shoals_1,
          snake_1, spider_1, d_20, vaults_1, items_5, swamp_end, shoals_end,
          snake_end, spider_end, vaults_end, d_27, items_6, zot_1, zot_end,
          crypt_end, forest_end, elf_end, slime_end, tomb_end, abyss_end,
          pan_hell_end]

Skill      XL: |  1 |
---------------+----+-----
Conjurations   | 3 |  3.7
Air Magic      | 5 |  5.4
Dodging        | |  2.1
Stealth        | |  2.0
Spellcasting   | |  2.0

Action                   || total
-------------------------++-------
 Cast: Shock             ||     5
Dodge: Dodged            ||     2

Table legend: (Time is in decaauts)
 A = Elapsed time spent in this place.
 B = Non-inter-level travel time spent in this place.
 C = Inter-level travel time spent in this place.
 D = Time resting spent in this place.
 E = Time spent auto-exploring this place.
 F = Levels seen in this place.
 G = Mean time per level.
                   A        B        C        D        E       F      G
               +--------+--------+--------+--------+--------+-----+--------+
         Total |     32 |     32 |      0 |     15 |      0 |   1 |   32.0 |
       Dungeon |     32 |     32 |      0 |     15 |      0 |   1 |   32.0 |
               +--------+--------+--------+--------+--------+-----+--------+

Top non-repeatable levels by time:
       D: 32 daAuts
